AoeStats
← Sid

Arabia

506062727Analyzed
2v2 RM · 20d ago on Sep 12, 2026· 48m 20s· 4 players
Game mode
Random Map
Map size
Medium (4 player)
Population
200
Speed
Normal
Resources
Standard
Victory
Conquest
Starting age
Dark Age
Ending age
Imperial Age
RankedLock teamsTeams togetherTeam positionsShared explorationLock speedFull tech treeHidden civsTurbo modeCheats
Victory
Defeat
🇹🇼 Koreans · Taiwan
1469
+9
🇹🇼 Tatars · Taiwan
1396
+12
🇯🇵 Vietnamese · Japan
1329
-11
🇯🇵 Burgundians · Japan
1299
-10
jeter4649
5:32 Loom
9:27 Feudal Age
10:21 Double-Bit Axe
16:26 Horse Collar
17:02 Padded Archer Armor
23:16 Castle Age
22:02 Fletching
23:55 Scale Barding Armor
24:01 Forging
24:27 Bow Saw
24:53 Wheelbarrow
23:43 Elite Skirmisher
26:33 Leather Archer Armor
26:42 Bodkin Arrow
28:32 Ballistics
29:32 Husbandry
38:45 Imperial Age
37:36 Chain Barding Armor
37:51 Iron Casting
37:27 Bloodlines
37:16 Light Cavalry
38:13 Hand Cart
39:34 Bracer
39:47 Town Watch
40:42 Plate Barding Armor
41:08 Blast Furnace
40:25 Heavy Plow
40:46 Heavy Cavalry Archer
43:33 Chemistry
42:40 Hussar
43:56 Silk Armor
44:18 Conscription
Haosbot
7:21 Loom
9:55 Feudal Age
10:35 Double-Bit Axe
14:14 Fletching
22:17 Castle Age
21:52 Gold Mining
22:20 Crossbowman
23:39 Bodkin Arrow
24:51 Heated Shot
25:29 Ballistics
26:52 Bow Saw
27:55 Wheelbarrow
28:07 Horse Collar
35:13 Stone Mining
40:02 Imperial Age
39:52 Hand Cart
40:41 Squires
40:12 Arbalester
40:54 Bracer
42:26 Chemistry
42:15 Thumb Ring
46:03 Conscription
46:23 Scale Mail Armor
46:34 Forging
46:50 Pikeman
49:13 Two-Man Saw
Sid
7:21 Loom
11:53 Feudal Age
14:54 Double-Bit Axe
18:28 Horse Collar
19:40 Bow Saw
20:43 Heavy Plow
26:51 Castle Age
26:05 Wheelbarrow
25:43 Scale Barding Armor
25:48 Forging
25:30 Gold Mining
27:45 Gold Shaft Mining
26:53 Cavalier
27:57 Chain Barding Armor
27:50 Husbandry
29:27 Stone Mining
30:21 Iron Casting
31:05 Town Watch
31:39 Hand Cart
33:22 Crop Rotation
33:27 Fletching
40:13 Imperial Age
40:18 Paladin
41:41 Plate Barding Armor
45:56 Two-Man Saw
44:19 Light Cavalry
46:01 Bodkin Arrow
47:15 Blast Furnace
46:22 Pikeman
47:13 Hussar
48:50 Bracer
fumin
5:42 Loom
9:15 Feudal Age
10:16 Double-Bit Axe
15:38 Fletching
16:59 Padded Archer Armor
23:25 Castle Age
22:06 Horse Collar
22:21 Gold Mining
23:41 Crossbowman
24:21 Bodkin Arrow
24:42 Leather Archer Armor
26:59 Bow Saw
26:49 Heavy Plow
27:47 Ballistics
35:03 Wheelbarrow
41:09 Imperial Age
38:55 Hand Cart
39:22 Thumb Ring
38:42 Elite Skirmisher
41:40 Town Watch
42:19 Bracer
42:50 Ring Archer Armor
43:22 Chemistry
41:52 Arbalester
42:04 Imperial Skirmisher
Connection lost

Rejoining the realm…

Still unreachable

The connection could not be restored.

Session expired

The server has moved on; the page needs a fresh start.